 Dungeon Crawl Stone Soup version 0.27-a0-279-gdfb9265905 (webtiles) character file.

Game seed: 14646628308182822482

525168 wakim the Sorcerer (level 24, -2/144 HPs)
             Began as a Deep Elf Conjurer on Feb 6, 2021.
             Was a High Priest of Sif Muna.
             Slain by an azure jelly (3 damage)
             ... created by the Royal Jelly
             ... on level 4 of the Pits of Slime on Feb 7, 2021.
             The game lasted 06:22:32 (77768 turns).

wakim the Sorcerer (Deep Elf Conjurer)             Turns: 77768, Time: 06:22:32

Health: -2/144     AC: 20    Str:  9    XL:     24   Next: 77%
Magic:  52/56      EV: 17    Int: 34    God:    Sif Muna [*****.]
Gold:   5804       SH:  8    Dex: 13    Spells: 8/70 levels left

rFire    + . .     SeeInvis .   a - staff of conjuration
rCold    + + +     Faith    +   s - +3 buckler
rNeg     . . .     Spirit   .   p - +3 swamp dragon scales
rPois    +         Reflect  .   O - +2 hat {Will+}
rElec    +         Harm     .   i - scarf {repulsion}
rCorr    +         Rampage  .   n - +2 pair of gloves {Str+3}
Will     +++..                  B - +2 pair of boots {Stlth+}
Stlth    ++++......             x - amulet of faith
HPRegen  0.34/turn              d - ring of False Pretenses {rC++ MP+9}
MPRegen  0.35/turn              y - ring of resist corrosion

@: brilliant, resistant, studying 3 skills, repel missiles
A: blurry vision 3, clever 1, deterioration 1, low mp 1, weak 1, evolution 1
}: 2/15 runes: serpentine, barnacled
a: Renounce Religion, Channel Magic, Forget Spell, Divine Exegesis


You were on level 4 of the Pits of Slime.
You worshipped Sif Muna.
Sif Muna was extremely pleased with you.
You visited 9 branches of the dungeon, and saw 44 of its levels.
You also visited: Gauntlet.

You collected 6721 gold pieces.
You spent 917 gold pieces at shops.

Inventory:

Armour
 i - a scarf of repulsion (worn)
 n - a +2 pair of gloves of strength (worn)
 p - +3 swamp dragon scales (worn)
 s - a +3 buckler (worn)
 B - a +2 pair of boots of stealth (worn)
 F - the +3 storm dragon scales of the Sun {rElec Will++ Str+6}
   (You took it off an orc on level 1 of the Elven Halls)

   It affects your strength (+6).
   It insulates you from electricity.
   It affects your willpower, your defense against some magical effects.
 L - the +0 hat of Love and Death {rElec rC- Regen+ Int+4}
   (You found it on level 1 of the Shoals)

   It affects your intelligence (+4).
   It makes you vulnerable to cold.
   It insulates you from electricity.
   It increases your rate of regeneration.
 M - a scarf of resistance
 O - a +2 hat of willpower (worn)
Magical Staves
 a - an uncursed staff of conjuration (weapon)
Jewellery
 b - the ring of Wikizenk {rPois rF+}
   (You bought it in a shop on level 1 of the Shoals)

   [ring of poison resistance]

   It protects you from fire.
   It protects you from poison.
 d - the ring of False Pretenses (left hand) {rC++ MP+9}
   (You took it off an orc wizard on level 9 of the Dungeon)

   [ring of magical power]

   It greatly protects you from cold.
   It affects your magic capacity (+9).
 j - a +4 ring of protection
 v - an uncursed ring of see invisible
 x - an amulet of faith (around neck)
 y - a ring of resist corrosion (right hand)
 A - the ring of Kaitaxt {rElec Int+6 SInv}
   (You took it off a deep elf annihilator on level 3 of the Elven Halls)

   [ring of intelligence]

   It affects your intelligence (+6).
   It insulates you from electricity.
   It lets you see invisible.
 T - a +4 ring of protection
 U - the ring "Himer" {+Fly Will+}
   (You found it in a Gauntlet)

   [ring of willpower]

   It affects your willpower, your defense against some magical effects.
   It lets you fly.
 X - the ring of Coutraes {Wiz rElec Str-5 Int+2}
   (You found it in a Gauntlet)

   [ring of wizardry]

   It improves your spell success rate.
   It affects your strength (-5).
   It affects your intelligence (+2).
   It insulates you from electricity.
 Y - an uncursed amulet of regeneration
 Z - an uncursed amulet of the acrobat
Wands
 r - a wand of paralysis (27)
 w - a wand of iceblast (33)
 C - a wand of mindburst (23)
 P - a wand of digging (19)
Scrolls
 e - 3 scrolls of silence
 f - 16 scrolls of teleportation
 h - 7 scrolls of fog
 k - 4 scrolls of blinking
 u - 3 scrolls of enchant weapon
 D - 16 scrolls of remove curse
 E - 14 scrolls of magic mapping
 H - 13 scrolls of identify
 I - 3 scrolls of amnesia
 K - 2 scrolls of summoning
 N - 6 scrolls of fear
 S - a scroll of holy word
 V - 3 scrolls of enchant armour
Potions
 c - 11 potions of curing
 g - 11 potions of heal wounds
 l - 12 potions of flight
 m - 5 potions of haste
 o - 2 potions of invisibility
 q - 9 potions of brilliance
 t - 5 potions of might
 G - 4 potions of ambrosia
 J - 2 potions of magic
 Q - 2 potions of cancellation
 W - 3 potions of resistance


   Skills:
 + Level 12.6 Fighting
 - Level 5.1 Armour
 + Level 14.9 Dodging
 - Level 8.0 Stealth
 - Level 5.0 Shields
 * Level 23.5 Spellcasting
 * Level 19.0 Conjurations
 - Level 9.0 Hexes
 - Level 11.0 Translocations
 + Level 13.0 Fire Magic
 - Level 10.0 Ice Magic
 - Level 7.0 Air Magic
 + Level 13.0 Earth Magic
 - Level 12.0 Invocations
 - Level 6.4 Evocations


You had 8 spell levels left.
You knew the following spells:

 Your Spells              Type           Power        Failure   Level
a - Orb of Destruction    Conj           77%          1%          7
b - Lehudib's Crystal Sp  Conj/Erth      73%          16%         8
c - Ozocubu's Armour      Ice            100%         1%          3
d - Invisibility          Hex            100%         6%          6
e - Hailstorm             Conj/Ice       100%         1%          4
f - Blink                 Tloc           N/A          1%          2
g - Fulminant Prism       Conj/Hex       70%          1%          4
h - Iron Shot             Conj/Erth      73%          1%          6
j - Starburst             Conj/Fire      73%          1%          6
k - Dispersal             Tloc           53%          2%          6
r - Magic Dart            Conj           100%         0%          1
t - Fireball              Conj/Fire      73%          1%          5
z - Iskenderun's Mystic   Conj/Tloc      100%         1%          4

Your spell library contained the following spells:

 Spells                   Type           Power        Failure   Level
 Foxfire                  Conj/Fire      100%         0%          1
 Sandblast                Erth           100%         0%          1
 Shock                    Conj/Air       100%         0%          1
 Searing Ray              Conj           100%         0%          2
 Conjure Flame            Conj/Fire      100%         0%          3
 Dazzling Flash           Conj/Hex       100%         0%          3
 Stone Arrow              Conj/Erth      100%         0%          3
 Animate Skeleton         Necr           100%         1%          1
 Apportation              Tloc           100%         1%          1
 Beastly Appendage        Tmut           100%         1%          1
 Corona                   Hex            100%         1%          1
 Freeze                   Ice            100%         1%          1
 Pain                     Necr           100%         1%          1
 Summon Small Mammal      Summ           100%         1%          1
 Corpse Rot               Necr/Air       N/A          1%          2
 Ensorcelled Hibernation  Hex/Ice        100%         1%          2
 Passwall                 Tmut/Erth      75%          1%          2
 Poisonous Vapours        Pois/Air       100%         1%          2
 Slow                     Hex            100%         1%          2
 Swiftness                Air            92%          1%          2
 Confusing Touch          Hex            100%         1%          3
 Frozen Ramparts          Ice            100%         1%          3
 Gell's Gravitas          Tloc           53%          1%          3
 Ignite Poison            Fire/Tmut/Pois 81%          1%          3
 Inner Flame              Hex/Fire       100%         1%          3
 Lesser Beckoning         Tloc           53%          1%          3
 Mephitic Cloud           Conj/Pois/Air  100%         1%          3
 Portal Projectile        Hex/Tloc       100%         1%          3
 Static Discharge         Conj/Air       100%         1%          3
 Summon Guardian Golem    Hex/Summ       82%          1%          3
 Tukima's Dance           Hex            100%         1%          3
 Airstrike                Air            46%          1%          4
 Animate Armour           Summ/Erth      100%         1%          4
 Cause Fear               Hex            50%          1%          4
 Leda's Liquefaction      Hex/Erth       53%          1%          4
 Passage of Golubria      Tloc           N/A          1%          4
 Petrify                  Tmut/Erth      90%          1%          4
 Sticky Flame             Conj/Fire      100%         1%          4
 Bolt of Magma            Conj/Fire/Erth 72%          1%          5
 Irradiate                Conj/Tmut      62%          1%          5
 Iskenderun's Battlesphe  Conj           100%         1%          5
 Lee's Rapid Deconstruct  Erth           57%          1%          5
 Lightning Bolt           Conj/Air       69%          1%          5
 Metabolic Englaciation   Hex/Ice        51%          1%          5
 Silence                  Hex/Air        48%          1%          5
 Conjure Ball Lightning   Conj/Air       69%          1%          6
 Freezing Cloud           Conj/Ice/Air   67%          1%          6
 Call Imp                 Summ           56%          2%          2
 Sublimation of Blood     Necr           28%          2%          2
 Wereblood                Tmut           56%          2%          2
 Ice Form                 Ice/Tmut       84%          2%          4
 Summon Ice Beast         Ice/Summ       84%          2%          4
 Borgnjor's Vile Clutch   Necr/Erth      45%          3%          5
 Spider Form              Tmut/Pois      28%          4%          3
 Summon Lightning Spire   Summ/Air       77%          4%          4
 Yara's Violent Unravell  Hex/Tmut       41%          8%          5
 Animate Dead             Necr           28%          17%         4
 Dispel Undead            Necr           56%          17%         4
 Statue Form              Tmut/Erth      60%          19%         6
 Ozocubu's Refrigeration  Ice            52%          24%         7
 Spellforged Servitor     Conj/Summ      62%          28%         7
 Simulacrum               Ice/Necr       42%          32%         6
 Agony                    Necr           56%          43%         5
 Alistair's Intoxication  Tmut/Pois      37%          43%         5
 Blade Hands              Tmut           28%          43%         5
 Excruciating Wounds      Necr           28%          43%         5
 Chain Lightning          Conj/Air       69%          45%         8
 Disjunction              Tloc           53%          77%         8
 Death Channel            Necr           28%          95%         6
 Eringya's Noxious Bog    Tmut/Pois      28%          95%         6
 Hydra Form               Tmut           28%          95%         6
 Discord                  Hex            50%          95%         8
 Dragon Form              Tmut           28%          100%        7
 Haunt                    Necr/Summ      28%          100%        7
 Monstrous Menagerie      Summ           28%          100%        7
 Necromutation            Tmut/Necr      28%          100%        8
 Summon Horrible Things   Summ           28%          100%        8
 Fire Storm               Conj/Fire      73%          93%         9
 Absolute Zero            Ice            52%          100%        9
 Death's Door             Necr           28%          100%        9
 Shatter                  Erth           57%          100%        9
 Tornado                  Air            46%          100%        9


Dungeon Overview and Level Annotations

Branches:
Dungeon (15/15)            Temple (1/1) D:5            Lair (6/6) D:8
 Shoals (4/4) Lair:3        Snake (4/4) Lair:3        Slime (5/5) Lair:5
    Orc (2/2) D:10            Elf (3/3) Orc:2        Vaults (4/5) D:14
  Crypt (0/3) Vaults:3     Depths (0/5) D:15        Gauntlet (visited)

Altars:
Ashenzari
Cheibriados
Dithmenos
Elyvilon
Fedhas
Gozag
Hepliaklqana
Kikubaaqudgha
Makhleb
Nemelex Xobeh
Okawaru
Qazlal
Ru
Sif Muna
Trog
Uskayaw
Vehumet
Wu Jian
Xom
Yredelemnul
Zin
The Shining One
Beogh
Jiyva

Shops:
D:9 (   D:10 [   D:12 [*([   D:15 *   Orc:2 (([[   Elf:3 *   Shoals:1 (=?*!
Shoals:2 !   Shoals:4 (   Snake:4 =   Vaults:1 *   Vaults:2 :!   Vaults:3 (

Portals:
Trove: D:12 (give 6 scrolls of blinking)

Annotations:
Slime:5 Royal Jelly
Elf:1 6 runed translucent doors


Innate Abilities, Weirdness & Mutations

Scrolls take you much longer to read.
Your mind is acute. (Int +2)
Your body sometimes deteriorates upon taking damage.
Your magical capacity is low. (-10% MP)
You are weak. (Str -2)
You evolve.


Message History

The death ooze is knocked back by the mystic blast.
The mystic blast hits the acid blob!!
The acid blob is moderately wounded.
The acid blob is knocked back by the mystic blast.
The mystic blast hits the acid blob!!
The acid blob is severely wounded.
The acid blob is knocked back by the mystic blast.
The mystic blast hits the acid blob!
The acid blob is lightly wounded.
The acid blob is knocked back by the mystic blast.
The acid blob spits acid at you.
The splash of acid hits you but does no damage.
You are splashed with acid!
You resist.
* * * LOW HITPOINT WARNING * * *
The azure jelly hits you.
* * * LOW HITPOINT WARNING * * *
The azure jelly freezes you! You resist.
* * * LOW HITPOINT WARNING * * *
The azure jelly closely misses you. The azure jelly hits you.
You die...

##.##..................#
#....#................##
##................#####
#........#..J..#.##
##................##.
##.#....J..........#...
#...........#..........#
###...............#.#..##
##.##J....@....J.###.####
#.......#J........#...##
##.##...#..............##
###....................###
##.......................#.
#.........J......#.........
##.........................
##...#......#.....##.#....
####....#...#......#.....


You could see 4 acid blobs, an azure jelly and a death ooze.

Vanquished Creatures
  Sojobo (Vaults:4)
  Boris (Vaults:4)
  Frederick (Vaults:4)
  A bone dragon (Vaults:4)
  The ghost of Seel the Brawler, an adept TrTm of Cheibriados (Vaults:3)
  Rupert (Vaults:4)
  2 deep elf master archers (Elf:3)
  2 deep elf blademasters (Elf:3)
  A sphinx (Vaults:3)
  28 acid blobs
  A kraken (Shoals:2)
  Kirke (Lair:6)
  Gastronok (Lair:1)
  Agnes (Vaults:4)
  The ghost of Lucw the Warrior, an adept DsBe of Trog (Snake:3)
  2 tengu reavers (Vaults:4)
  10 azure jellies
  Roxanne (Elf:1)
  Ilsuiw (Shoals:2)
  A fire giant (Vaults:1)
  5 deep elf sorcerers (Elf:3)
  7 nagarajas
  An iron dragon (Vaults:4)
  An orc warlord (Orc:2)
  2 draconian knights (Vaults:4)
  9 vault wardens
  Aizul (Elf:1)
  4 deep elf elementalists (Elf:3)
  8 ironheart preservers
  3 stone giants
  8 very ugly things
  5 deep elf demonologists (Elf:3)
  7 deep elf annihilators (Elf:3)
  Azrael (Elf:1)
  A minotaur (Gauntlet)
  A crystal guardian (Vaults:4)
  3 eidola (Vaults:3)
  3 ettins
  6 deep elf death magi (Elf:3)
  3 merfolk javelineers
  4 death oozes
  12 merfolk impalers
  Snorg (Lair:6)
  4 yaktaur captains
  5 deep elf high priests
  2 ice dragons
  2 great orbs of eyes
  2 rakshasas
  8 hydras
  3 vault guards
  16 naga warriors
  3 catoblepae
  Erica (D:8)
  5 merfolk avatars
  5 boulder beetles
  3 ghost crabs (Vaults:4)
  The ghost of vurker the Fighter, a novice MiTm of Gozag (D:9)
  A merfolk aquamancer (Shoals:1)
  2 alligator snapping turtles
  8 centaur warriors
  13 ogre magi
  29 two-headed ogres
  3 death yaks (Lair:6)
  34 dancing weapons
  2 death knights
  7 anacondas
  3 satyrs
  A tengu warrior (D:15)
  A deep troll shaman (Vaults:2)
  A deep troll earth mage (Vaults:2)
  3 orc high priests
  18 naga sharpshooters
  6 shock serpents
  Sonja (Lair:2)
  21 deep elf knights
  A shadow wraith (Vaults:1)
  2 salamander mystics
  A deep troll (Vaults:2)
  2 unseen horrors (shapeshifter) (Vaults:3)
  2 glowing orange brains
  A fire crab (Gauntlet)
  17 sea snakes
  A sea snake (shapeshifter) (D:15)
  8 unseen horrors
  A flayed ghost (Vaults:2)
  16 ironbrand convokers
  2 orange crystal statues
  A kraken simulacrum (Shoals:4)
  11 orc knights
  A phantasmal warrior (Vaults:1)
  17 deep elf archers
  9 naga ritualists
  28 deep elf pyromancers
  8 harpies
  4 wolf spiders
  37 ugly things
  5 necromancers
  5 fauns
  6 mana vipers
  28 deep elf zephyrmancers
  5 oklob plants
  12 cyclopes
  4 shining eyes
  8 salamanders
  8 manticores
  2 orc sorcerers (Orc:2)
  A salamander (shapeshifter) (Vaults:4)
  A spectral shock serpent (Snake:3)
  An iron dragon skeleton (Vaults:4)
  2 fire giant skeletons (Vaults:2)
  16 elephants
  12 merfolk sirens
  A guardian serpent (Snake:2)
  26 naga magi
  8 vault sentinels
  Maurice (D:11)
  6 eyes of devastation
  2 gargoyles
  5 water nymphs
  A yaktaur zombie (Vaults:3)
  41 black mambas
  A titan simulacrum (Vaults:4)
  A cane toad (shapeshifter) (D:15)
  A spriggan skeleton (Vaults:4)
  17 cane toads
  4 rime drakes
  33 yaktaurs
  Maggie (D:8)
  12 komodo dragons
  3 tengu conjurers (D:15)
  10 freezing wraiths
  33 merfolk
  8 polar bears
  10 trolls
  A polar bear (shapeshifter) (Elf:3)
  A shadow dragon simulacrum (Vaults:4)
  Grinder (D:6)
  A tengu simulacrum (Vaults:4)
  16 blink frogs
  6 wind drakes
  111 slime creatures
  Prince Ribbit (Lair:2)
  5 hornets
  A meliai zombie (D:12)
  15 dream sheep
  A stone giant simulacrum (Vaults:1)
  An ettin skeleton (Vaults:2)
  8 snapping turtles
  2 spectral black mambas (Snake:3)
  A redback (shapeshifter) (D:15)
  Sigmund (D:3)
  4 air elementals
  4 wraiths
  43 yaks
  An elf skeleton (Vaults:4)
  2 shadows
  4 wyverns
  A shock serpent simulacrum (Snake:3)
  19 humans (D:14)
  5 fire bats (Gauntlet)
  8 water elementals
  A hog (shapeshifter) (Vaults:3)
  9 fire elementals
  6 golden eyes (Slime:3)
  6 hogs (Lair:6)
  A basilisk (shapeshifter) (Vaults:1)
  Eustachio (D:4)
  7 basilisks
  4 vampire mosquitoes (D:15)
  A warg (shapeshifter) (Elf:3)
  4 wargs
  64 nagas
  5 acid dragons
  19 water moccasins
  2 hell hounds
  A spectral naga (Snake:3)
  A floating eye (Slime:3)
  45 orc warriors
  4 sky beasts
  5 ice beasts
  3 black bears
  2 black mamba simulacra (Snake:3)
  5 eyes of draining
  33 ogres
  20 boggarts
  16 wolves
  2 necrophages
  19 centaurs
  An ogre (shapeshifter) (D:15)
  2 human skeletons (Vaults:3)
  4 phantoms
  2 human zombies (Vaults:2)
  Blork the orc (D:6)
  4 big kobolds
  21 bullfrogs
  6 gnoll sergeants
  4 earth elementals
  8 scorpions
  4 killer bees (D:11)
  A human simulacrum (Vaults:3)
  6 electric eels
  21 wights
  7 howler monkeys
  A salamander simulacrum (Snake:3)
  7 centaur zombies
  A bullfrog zombie (D:13)
  4 centaur skeletons
  3 gnoll shamans (D:4)
  31 orc priests
  Crazy Yiuf (D:4)
  6 hounds
  10 jellies
  4 bullfrog skeletons
  4 iguanas
  33 orc wizards
  A hell rat (Lair:5)
  12 worker ants
  A killer bee zombie (D:6)
  3 small abominations (Vaults:4)
  A hound zombie (D:8)
  2 hound skeletons
  A worker ant zombie (D:5)
  2 naga simulacra (Snake:3)
  12 adders
  41 gnolls
  2 shadow imps
  3 white imps
  An ufetubus (D:5)
  2 oozes
  An adder zombie (D:7)
  3 adder skeletons
  A worm (D:3)
  A dart slug (D:3)
  9 leopard geckos
  158 orcs
  6 bats
  5 giant cockroaches
  4 goblins
  7 hobgoblins
  25 jackals
  5 quokkas
  5 frilled lizards
  A jackal skeleton (D:2)
  22 kobolds
  6 rats
  6 fulminant prisms
  A tentacle (Shoals:2)
1977 creatures vanquished.

Vanquished Creatures (others)
  A merfolk impaler (Shoals:4)
  An anaconda (Snake:2)
  A deep elf knight (Vaults:3)
  A water elemental (Elf:1)
  An orc warrior (Vaults:4)
  A hound (D:11)
  15 bushes
  458 fulminant prisms
  67 fungi
  222 plants
  11 tentacles
779 creatures vanquished.

Grand Total: 2756 creatures vanquished

Notes
Turn   | Place    | Note
-------+----------+-------------------------------------------
     0 | D:1      | wakim the Deep Elf Conjurer began the quest for the Orb.
     0 | D:1      | Reached XP level 1. HP: 10/10 MP: 6/6
   201 | D:1      | Reached XP level 2. HP: 15/15 MP: 6/8
   204 | D:1      | Learned a level 2 spell: Searing Ray
   425 | D:1      | Reached skill level 5 in Conjurations
   758 | D:2      | Reached XP level 3. HP: 19/19 MP: 6/10
  1135 | D:2      | Reached skill level 4 in Spellcasting
  1139 | D:2      | Found a stormy altar of Qazlal.
  1247 | D:2      | Reached XP level 4. HP: 22/24 MP: 7/12
  1296 | D:2      | Learned a level 4 spell: Fulminant Prism
  1301 | D:2      | Learned a level 4 spell: Iskenderun's Mystic Blast
  1758 | D:3      | Noticed Sigmund
  1933 | D:3      | Reached skill level 1 in Hexes
  1994 | D:3      | Reached skill level 1 in Translocations
  1994 | D:3      | Reached XP level 5. HP: 13/28 MP: 1/13
  2445 | D:4      | Noticed an ogre
  2446 | D:4      | Noticed Eustachio
  2499 | D:3      | Found a shadowy altar of Dithmenos.
  2954 | D:4      | Found a shimmering altar of Xom.
  3158 | D:4      | Killed an ogre
  3159 | D:4      | Reached XP level 6. HP: 32/32 MP: 7/15
  3255 | D:4      | Killed Eustachio
  3256 | D:4      | Reached skill level 5 in Spellcasting
  3493 | D:4      | Reached XP level 7. HP: 34/36 MP: 12/16
  3955 | D:4      | Reached skill level 1 in Fighting
  4751 | D:4      | Found a runed translucent door.
  4751 | D:4      | Noticed Crazy Yiuf
  4757 | D:4      | Killed Crazy Yiuf
  4758 | D:4      | Reached XP level 8. HP: 19/44 MP: 12/17
  5108 | D:3      | Killed Sigmund
  5109 | D:3      | Reached skill level 5 in Stealth
  5156 | D:5      | Entered Level 5 of the Dungeon
  5989 | D:5      | Found the +8 demon trident "Rift" {distort, reach+}
  6266 | D:5      | Found a staircase to the Ecumenical Temple.
  6297 | Temple   | Entered the Ecumenical Temple
  6347 | Temple   | Became a worshipper of Sif Muna the Loreminder
  6757 | D:6      | Reached skill level 5 in Dodging
  6757 | D:6      | Reached skill level 6 in Spellcasting
  6759 | D:6      | Noticed Blork the orc
  6762 | D:6      | Killed Blork the orc
  6940 | D:6      | Noticed Grinder
  7156 | D:6      | Killed Grinder
  7157 | D:6      | Reached XP level 9. HP: 44/50 MP: 9/20
  7447 | D:6      | Reached skill level 5 in Hexes
  7454 | D:6      | Reached * piety under Sif Muna
  7581 | D:6      | Found an iron altar of Okawaru.
  7700 | D:6      | Found a shimmering altar of Xom.
  7927 | D:7      | Reached skill level 1 in Invocations
  7946 | D:7      | Reached skill level 5 in Translocations
  8096 | D:7      | Got a pitted amber ring
  8184 | D:7      | Reached ** piety under Sif Muna
  8318 | D:7      | Found a white marble altar of Elyvilon.
  8409 | D:7      | Found a bloodstained altar of Trog.
  9058 | D:7      | Identified the ring "Lyqeeg" {+Fly rPois} (You found it on
                  | level 7 of the Dungeon)
  9507 | D:8      | Noticed Maggie
  9508 | D:8      | Found a transporter.
  9519 | D:8      | Killed Maggie
  9524 | D:8      | Noticed an unseen horror
  9535 | D:8      | Reached XP level 10. HP: 40/57 MP: 7/21
  9587 | D:8      | Found a staircase to the Lair.
  9643 | D:8      | Found an opulent altar of Gozag.
  9644 | D:8      | Found a sparkling altar of Nemelex Xobeh.
  9807 | D:8      | Found a transporter.
  9820 | D:8      | Found a broken altar of Ashenzari.
  9874 | D:9      | Noticed Erica
  9888 | D:8      | Killed Erica
 10324 | D:9      | Identified the ring of False Pretenses {rC++ MP+9}
 10359 | D:9      | Reached *** piety under Sif Muna
 10633 | D:9      | Reached skill level 10 in Conjurations
 10744 | D:9      | Reached skill level 5 in Fighting
 10744 | D:9      | Reached skill level 5 in Invocations
 10912 | D:9      | Found a bloodstained altar of Trog.
 11009 | D:9      | Found a hazy altar of Hepliaklqana.
 11072 | D:9      | Found Sawodirch's Weapon Shoppe.
 11115 | D:9      | Found a transporter.
 11115 | D:9      | Noticed vurker's ghost (novice MiTm)
 11116 | D:9      | Found a transporter.
 11116 | D:9      | Noticed a two-headed ogre
 11157 | D:9      | Found a radiant altar of Vehumet.
 11194 | D:9      | Found a sacrificial altar of Ru.
 11211 | D:9      | Found a glowing golden altar of the Shining One.
 11259 | D:10     | Entered Level 10 of the Dungeon
 11273 | D:10     | Found a snail-covered altar of Cheibriados.
 11380 | D:10     | Found a staircase to the Orcish Mines.
 11397 | D:10     | Reached skill level 1 in Evocations
 11555 | D:10     | Reached **** piety under Sif Muna
 11556 | D:10     | Reached skill level 1 in Shields
 11556 | D:10     | Reached XP level 11. HP: 54/64 MP: 14/23
 12214 | D:10     | Noticed a death knight
 12381 | D:10     | Found Dufieng's Armour Shoppe.
 12384 | D:10     | Bought a +2 pair of gloves of stealth for 258 gold pieces
 12633 | Lair:1   | Entered Level 1 of the Lair of Beasts
 12855 | Lair:1   | Reached skill level 7 in Spellcasting
 13740 | Lair:1   | Reached skill level 8 in Spellcasting
 13832 | Lair:1   | You fall into a shaft and drop 1 floor!
 13976 | Lair:1   | Noticed Gastronok
 14180 | Lair:1   | Found a shimmering altar of Xom.
 14182 | Lair:1   | Noticed an oklob plant
 14197 | Lair:1   | Killed an oklob plant
 14601 | Lair:1   | Killed Gastronok
 15156 | Lair:2   | Noticed Prince Ribbit
 15166 | Lair:2   | Reached XP level 12. HP: 70/70 MP: 25/26
 15339 | Lair:2   | Noticed a six-headed hydra
 15349 | Lair:2   | Killed a six-headed hydra
 15533 | Lair:2   | Killed Prince Ribbit
 15584 | Lair:2   | Noticed Sonja
 15594 | Lair:2   | Noticed a boulder beetle
 15598 | Lair:2   | Killed Sonja
 15599 | Lair:2   | Noticed a six-headed hydra
 16271 | Lair:2   | Killed a six-headed hydra
 16414 | Lair:2   | Got a polished war axe
 16801 | Lair:3   | Found a staircase to the Snake Pit.
 17683 | Lair:3   | Found a staircase to the Shoals.
 17898 | Lair:3   | Identified the +5 war axe of Gloom {freeze, rF+ Dex+4} (You
                  | found it on level 2 of the Lair of Beasts)
 18171 | Lair:4   | Reached skill level 5 in Evocations
 18605 | Lair:4   | Noticed a seven-headed hydra
 19255 | Lair:5   | Noticed a four-headed hydra
 19263 | Lair:5   | Killed a four-headed hydra
 19431 | Lair:5   | Found a staircase to the Slime Pits.
 19520 | Lair:5   | Reached XP level 13. HP: 76/76 MP: 26/27
 19631 | Lair:5   | Reached ***** piety under Sif Muna
 20986 | Lair:6   | Entered Level 6 of the Lair of Beasts
 20995 | Lair:6   | Reached skill level 10 in Invocations
 21082 | Lair:6   | Noticed Snorg
 21316 | Lair:6   | Identified Sif Muna's Papyrus of Execration (Sif Muna
                  | gifted it to you on level 6 of the Lair of Beasts)
 21316 | Lair:6   | Received a gift from Sif Muna
 21562 | Lair:6   | Reached skill level 5 in Shields
 21562 | Lair:6   | Reached skill level 9 in Spellcasting
 22097 | Lair:6   | Reached skill level 10 in Dodging
 22648 | Lair:6   | Killed Snorg
 22649 | Lair:6   | Reached skill level 10 in Spellcasting
 22914 | Lair:6   | Noticed Kirke
 22970 | Lair:6   | Reached skill level 1 in Ice Magic
 23080 | Lair:6   | Reached skill level 1 in Air Magic
 23430 | Lair:6   | Reached XP level 14. HP: 62/84 MP: 30/30
 23901 | Lair:6   | Killed Kirke
 25070 | Lair:6   | Got a steaming morningstar
 25071 | Lair:6   | Identified the +4 morningstar "Qolamih" {venom, rElec Str-2
                  | Int+4} (You found it on level 6 of the Lair of Beasts)
 26011 | D:8      | Identified Sif Muna's Incunabulum of the Evil Birds (Sif
                  | Muna gifted it to you on level 8 of the Dungeon)
 26011 | D:8      | Received a gift from Sif Muna
 26014 | D:8      | Reached skill level 5 in Ice Magic
 26070 | D:8      | Learned a level 5 spell: Lightning Bolt
 26193 | D:9      | Killed vurker's ghost
 26407 | D:11     | Noticed Maurice
 26955 | D:11     | Reached skill level 11 in Spellcasting
 27317 | D:11     | Killed Maurice
 27774 | D:12     | Found Fifite's Antique Armour Emporium.
 27879 | D:12     | Identified Sif Muna's Tome of Bewitching Stones (Sif Muna
                  | gifted it to you on level 12 of the Dungeon)
 27879 | D:12     | Received a gift from Sif Muna
 27965 | D:12     | Found Intovyeg's Blood Bar.
 28177 | D:12     | Found Laachag's Antique Weapon Shop.
 28473 | D:12     | Found a portal to a secret trove of treasure.
 28669 | D:12     | Found Zaunaok's Antique Armour Shoppe.
 28697 | D:12     | Got a translucent ivory ring
 28702 | D:12     | Identified the ring of the Battered Thickets {Ice Dex+6}
                  | (You found it on level 12 of the Dungeon)
 30308 | D:14     | Identified Sif Muna's Catalogue of Harmful Fire (Sif Muna
                  | gifted it to you on level 14 of the Dungeon)
 30308 | D:14     | Received a gift from Sif Muna
 30309 | D:14     | Reached XP level 15. HP: 82/88 MP: 8/32
 30319 | D:14     | Learned a level 5 spell: Bolt of Magma
 30363 | D:14     | Identified the +6 scale mail of the First Continents {rElec
                  | rC+}
 30436 | D:14     | Reached skill level 1 in Earth Magic
 30546 | D:14     | Found a gate leading to a gauntlet.
 30555 | Gauntlet | Entered a Gauntlet
 30555 | Gauntlet | Found a transporter.
 30746 | Gauntlet | Found a transporter.
 30762 | Gauntlet | Found a transporter.
 30763 | Gauntlet | Found a transporter.
 30782 | Gauntlet | Found a transporter.
 30795 | Gauntlet | Found a transporter.
 30808 | Gauntlet | Found a transporter.
 30825 | Gauntlet | Found a transporter.
 30829 | Gauntlet | Found a transporter.
 30838 | Gauntlet | Found a transporter.
 30862 | Gauntlet | Found a transporter.
 30866 | Gauntlet | Found a transporter.
 31055 | Gauntlet | Got a heavily runed lapis lazuli ring
 31114 | Gauntlet | Got an ancient bone ring
 31116 | Gauntlet | Identified the ring "Himer" {+Fly Will+} (You found it in a
                  | Gauntlet)
 31117 | Gauntlet | Identified the ring of Coutraes {Wiz rElec Str-5 Int+2}
                  | (You found it in a Gauntlet)
 31151 | Gauntlet | Identified the +7 chain mail of the Leaf {*Contam Regen+
                  | SInv}
 32064 | D:14     | Found a gate to the Vaults.
 32353 | D:15     | Entered Level 15 of the Dungeon
 32384 | D:15     | Reached skill level 1 in Fire Magic
 32887 | D:15     | Learned a level 6 spell: Invisibility
 32903 | D:15     | Reached skill level 5 in Air Magic
 33046 | D:15     | Found Foriemos's Demolitions Depot.
 33641 | D:15     | Identified Sif Muna's Reference Book on Confrontation (Sif
                  | Muna gifted it to you on level 15 of the Dungeon)
 33641 | D:15     | Received a gift from Sif Muna
 33650 | D:15     | Learned a level 6 spell: Iron Shot
 34015 | D:15     | Reached skill level 12 in Spellcasting
 34567 | D:15     | Found a staircase to the Depths.
 34728 | Orc:1    | Entered Level 1 of the Orcish Mines
 35183 | Orc:2    | Entered Level 2 of the Orcish Mines
 35225 | Orc:2    | Found a roughly hewn altar of Beogh.
 35360 | Orc:2    | Found a roughly hewn altar of Beogh.
 35424 | Orc:2    | Found Wewnetwe's Antique Weapon Boutique.
 35570 | Orc:2    | Found a roughly hewn altar of Beogh.
 35654 | Orc:2    | Found a roughly hewn altar of Beogh.
 35832 | Orc:2    | Found a roughly hewn altar of Beogh.
 35859 | Orc:2    | Found a roughly hewn altar of Beogh.
 35870 | Orc:2    | Found Yxixkul's Armour Emporium.
 36183 | Orc:2    | Found a roughly hewn altar of Beogh.
 36416 | Orc:2    | Identified Sif Muna's Volume of Dislocated Snow (Sif Muna
                  | gifted it to you on level 2 of the Orcish Mines)
 36416 | Orc:2    | Received a gift from Sif Muna
 36735 | Orc:2    | Found a roughly hewn altar of Beogh.
 36780 | Orc:2    | Found Demikk's Antique Weapon Shop.
 36786 | Orc:2    | Found Pagiotash's Antique Armour Boutique.
 36787 | Orc:2    | Found a roughly hewn altar of Beogh.
 36801 | Orc:2    | Bought a pair of runed boots for 217 gold pieces
 36861 | Orc:2    | Found a staircase to the Elven Halls.
 36875 | Orc:2    | Noticed an orc warlord
 36888 | Orc:2    | Killed an orc warlord
 37086 | Orc:2    | Learned a level 6 spell: Freezing Cloud
 37631 | Snake:1  | Entered Level 1 of the Snake Pit
 37721 | Snake:1  | Reached skill level 5 in Earth Magic
 38040 | Snake:1  | Reached XP level 16. HP: 81/96 MP: 22/34
 38688 | Snake:1  | Reached skill level 13 in Spellcasting
 38966 | Snake:1  | Identified Sif Muna's Collected Works on Freezing
                  | Companions (Sif Muna gifted it to you on level 1 of the
                  | Snake Pit)
 38966 | Snake:1  | Received a gift from Sif Muna
 40376 | Snake:2  | Reached skill level 1 in Armour
 40608 | Snake:2  | Reached skill level 5 in Fire Magic
 42346 | Snake:3  | Found a runed translucent gate.
 42346 | Snake:3  | Found a runed translucent gate.
 42346 | Snake:3  | Found a runed translucent gate.
 42351 | Snake:3  | Noticed Lucw's ghost (adept DsBe)
 42400 | Snake:3  | Killed Lucw's ghost
 42523 | Snake:3  | Reached XP level 17. HP: 97/97 MP: 36/36
 42604 | Snake:3  | Reached skill level 14 in Spellcasting
 43261 | Snake:3  | Found a stormy altar of Qazlal.
 43337 | Snake:3  | Identified a scroll of acquirement
 43337 | Snake:3  | Acquired 712 gold pieces
 43476 | Snake:4  | Entered Level 4 of the Snake Pit
 43626 | Snake:4  | Reached XP level 18. HP: 106/106 MP: 29/38
 43756 | Snake:3  | Learned a level 4 spell: Hailstorm
 44706 | Shoals:1 | Entered Level 1 of the Shoals
 44839 | Shoals:1 | Found Cohuhui's General Store.
 44854 | Shoals:1 | Found Dothuth's Magic Scroll Emporium.
 45743 | Shoals:1 | Found a transporter.
 45760 | Shoals:1 | Found Plog's Jewellery Shop.
 45764 | Shoals:1 | Found Tuidusaore's Antique Weapon Shop.
 45892 | Shoals:1 | Bought the ring of Wikizenk {rPois rF+} for 442 gold pieces
 46038 | Shoals:1 | Found a transporter.
 46319 | Shoals:1 | Identified Sif Muna's Collected Works on Arcane Weapons
                  | (Sif Muna gifted it to you on level 1 of the Shoals)
 46319 | Shoals:1 | Received a gift from Sif Muna
 46392 | Shoals:1 | Found Huequof's Distillery.
 46785 | Shoals:1 | Got an ichor-stained hat
 46796 | Shoals:1 | Identified the +0 hat of Love and Death {rElec rC- Regen+
                  | Int+4} (You found it on level 1 of the Shoals)
 46974 | Shoals:2 | Reached skill level 15 in Spellcasting
 47085 | Shoals:2 | Noticed Ilsuiw
 47114 | Shoals:2 | Killed Ilsuiw
 47518 | Shoals:2 | Reached skill level 10 in Fighting
 47833 | Shoals:2 | Found Neys's Distillery.
 49756 | Shoals:4 | Entered Level 4 of the Shoals
 50364 | Snake:4  | Identified Wovar's Incunabulum of Dusty Evil (Sif Muna
                  | gifted it to you on level 4 of the Snake Pit)
 50364 | Snake:4  | Received a gift from Sif Muna
 50487 | Snake:4  | Found Binesiobb's Jewellery Shoppe.
 50629 | Snake:4  | Reached skill level 15 in Conjurations
 51670 | Snake:4  | Reached XP level 19. HP: 112/112 MP: 17/40
 52282 | Snake:4  | Got a serpentine rune of Zot
 52594 | Vaults:1 | Entered Level 1 of the Vaults
 52607 | Vaults:1 | Reached skill level 16 in Spellcasting
 53454 | Vaults:1 | Received a gift from Sif Muna
 53966 | Vaults:1 | Reached skill level 10 in Translocations
 54533 | Vaults:1 | Reached XP level 20. HP: 117/119 MP: 42/42
 54534 | Vaults:1 | Reached skill level 5 in Armour
 54534 | Vaults:1 | Reached skill level 17 in Spellcasting
 54534 | Vaults:1 | Reached XP level 21. HP: 122/124 MP: 42/44
 54618 | Vaults:1 | Found Heyckahi's General Store.
 56470 | Vaults:2 | Identified Sif Muna's Guide on Burning Hexes (Sif Muna
                  | gifted it to you on level 2 of the Vaults)
 56470 | Vaults:2 | Received a gift from Sif Muna
 56565 | Vaults:2 | Reached skill level 10 in Ice Magic
 56590 | Vaults:2 | Reached skill level 10 in Fire Magic
 56800 | Vaults:2 | Learned a level 6 spell: Starburst
 56931 | Vaults:2 | Found Qotz's Book Emporium.
 56962 | Vaults:2 | Found Hurohos's Distillery.
 57084 | Vaults:2 | Reached skill level 18 in Spellcasting
 57403 | Vaults:2 | You fall into a shaft and drop 2 floors!
 57700 | Vaults:4 | Identified the Collected Works on Clay
 57747 | Vaults:4 | Received a gift from Sif Muna
 57798 | Vaults:4 | Reached XP level 22. HP: 102/130 MP: 39/46
 58336 | Vaults:4 | Noticed Boris
 58355 | Vaults:4 | Killed Boris
 59166 | Vaults:4 | Noticed Sojobo
 59186 | Vaults:4 | Killed Sojobo
 59398 | Vaults:4 | Noticed Rupert
 59402 | Vaults:4 | Noticed Agnes
 59407 | Vaults:4 | Killed Agnes
 59408 | Vaults:4 | Reached skill level 19 in Spellcasting
 59412 | Vaults:4 | Killed Rupert
 59491 | Vaults:4 | Gained mutation: You are frail. (-10% HP) [mutagenic glow]
 60264 | Vaults:4 | Identified the +1 ring mail of the Barnacle {Rampage rPois
                  | Slay-4}
 60419 | Vaults:4 | Identified Sif Muna's Reference Book on Damage Dealing (Sif
                  | Muna gifted it to you on level 4 of the Vaults)
 60419 | Vaults:4 | Received a gift from Sif Muna
 60427 | Vaults:4 | Reached skill level 10 in Earth Magic
 60562 | Vaults:4 | Identified the Handbook of Black Rituals
 60644 | Vaults:4 | Noticed Frederick
 60652 | Vaults:4 | Killed Frederick
 61967 | Vaults:3 | Reached skill level 20 in Spellcasting
 62022 | Vaults:3 | Lost mutation: You are frail. (-10% HP) [mutagenic glow]
 62145 | Vaults:3 | Found a staircase to the Crypt.
 62332 | Vaults:3 | Received a gift from Sif Muna
 62437 | Vaults:3 | Learned a level 5 spell: Iskenderun's Battlesphere
 62447 | Vaults:3 | Learned a level 7 spell: Orb of Destruction
 63018 | Vaults:3 | You fall into a shaft and drop 1 floor!
 63061 | Vaults:3 | Found Foskeejy's Antique Weapon Shoppe.
 63332 | Vaults:3 | Found a large runed translucent door.
 63332 | Vaults:3 | Found a large runed translucent door.
 63332 | Vaults:3 | Noticed Seel's ghost (adept TrTm)
 63490 | Vaults:3 | Killed Seel's ghost
 63491 | Vaults:3 | Reached XP level 23. HP: 64/136 MP: 20/49
 65321 | Shoals:4 | Got a barnacled rune of Zot
 65363 | Shoals:4 | Gained mutation: Scrolls take you a little longer to read.
                  | [mutagenic glow]
 65414 | Shoals:4 | Gained mutation: Scrolls take you longer to read.
                  | [mutagenic glow]
 65557 | Shoals:4 | Reached skill level 21 in Spellcasting
 65688 | Shoals:4 | Identified the Catalogue of Dusty Weightlessness
 65710 | Shoals:4 | Found Facod's Antique Weapon Boutique.
 66498 | Elf:1    | Entered Level 1 of the Elven Halls
 66675 | Elf:1    | Noticed Azrael
 66690 | Elf:1    | Killed Azrael
 66882 | Elf:1    | Identified Sif Muna's Tome of Earthen Envenoming (Sif Muna
                  | gifted it to you on level 1 of the Elven Halls)
 66882 | Elf:1    | Received a gift from Sif Muna
 67519 | Elf:1    | Identified the +3 storm dragon scales of the Sun {rElec
                  | Will++ Str+6}
 68138 | Elf:1    | Found a runed translucent gate.
 68138 | Elf:1    | Found a runed translucent gate.
 68138 | Elf:1    | Found a runed translucent gate.
 68138 | Elf:1    | Found a runed translucent gate.
 68138 | Elf:1    | Found a runed translucent gate.
 68139 | Elf:1    | Found a runed translucent gate.
 68176 | Elf:1    | Identified Roxanne's Papyrus of Earth
 68176 | Elf:1    | Noticed Roxanne
 68213 | Elf:1    | Killed Roxanne
 68362 | Elf:1    | You fall into a shaft and drop 1 floor!
 68556 | Elf:2    | Found a huge runed translucent gate.
 68556 | Elf:2    | Found a huge runed translucent gate.
 68557 | Elf:2    | Found a huge runed translucent gate.
 68560 | Elf:2    | Found a huge runed translucent gate.
 68561 | Elf:2    | Found a huge runed translucent gate.
 69074 | Elf:2    | Reached skill level 22 in Spellcasting
 69285 | Elf:1    | Noticed Aizul
 69289 | Elf:1    | Killed Aizul
 69971 | Elf:3    | Entered Level 3 of the Elven Halls
 70142 | Elf:3    | Identified Sulumuyf's Collected Works on Companions (Sif
                  | Muna gifted it to you on level 3 of the Elven Halls)
 70142 | Elf:3    | Received a gift from Sif Muna
 70534 | Elf:3    | Found Norisaan's General Store.
 71769 | Elf:3    | Identified the ring of Kaitaxt {rElec Int+6 SInv}
 71774 | Elf:3    | Reached XP level 24. HP: 142/142 MP: 28/51
 71856 | Elf:3    | Learned a level 8 spell: Lehudib's Crystal Spear
 72034 | Elf:3    | Identified Sif Muna's Tome of Bewitchment and Stolen Souls
                  | (Sif Muna gifted it to you on level 3 of the Elven Halls)
 72034 | Elf:3    | Received a gift from Sif Muna
 72400 | Elf:3    | Identified Iriomuse's Incunabulum of Curses and Poison
 72407 | Elf:3    | Identified the +5 mace of Truncation {protect, *Slow +Rage
                  | Dex+6}
 72477 | Elf:3    | Identified the Catalogue of the Creative Frostbite
 73048 | Slime:1  | Entered Level 1 of the Pits of Slime
 73451 | Slime:1  | Reached skill level 23 in Spellcasting
 74273 | Slime:1  | Upgraded the game from 0.27-a0-277-g024f7ef292 to
                  | 0.27-a0-279-gdfb9265905
 74313 | Slime:2  | Received a gift from Sif Muna
 74318 | Slime:2  | Learned a level 2 spell: Blink
 75592 | Slime:4  | Gained mutation: Your magical capacity is low. (-10% MP) [a
                  | shining eye]
 75967 | Slime:5  | Entered Level 5 of the Pits of Slime
 76178 | Slime:5  | Identified Ycetemui's Reference Book on the Dusty Birds
                  | (Sif Muna gifted it to you on level 5 of the Pits of Slime)
 76178 | Slime:5  | Received a gift from Sif Muna
 76248 | Slime:4  | Learned a level 3 spell: Ozocubu's Armour
 76258 | Slime:4  | Learned a level 5 spell: Fireball
 76265 | Slime:4  | Learned a level 6 spell: Dispersal
 76331 | Slime:4  | Gained mutation: You are frail. (-10% HP) [a shining eye]
 76332 | Slime:4  | Gained mutation: Scrolls take you much longer to read. [a
                  | shining eye]
 76807 | Slime:5  | Gained mutation: Your mind is acute. (Int +2) [a shining
                  | eye]
 76808 | Slime:5  | Lost mutation: You are frail. (-10% HP) [a shining eye]
 76809 | Slime:5  | Gained mutation: Your body sometimes deteriorates upon
                  | taking damage. [a shining eye]
 76814 | Slime:5  | Gained mutation: You evolve. [a shining eye]
 76936 | Slime:5  | Gained mutation: You are weak. (Str -2) [a shining eye]
 77149 | Slime:5  | Noticed the Royal Jelly
 77768 | Slime:4  | HP: 1/144 [azure jelly[the Royal Jelly] (8)]
 77768 | Slime:4  | Slain by an azure jelly

Illustrated notes

Levels and vault maps discovered:
D:1:      scummos_arrival_simple_crosswalls, layout_basic
D:2:      layout_loops_ring, nicolae_qazlal_general_emergency,
          kennysheep_generic_room_15
D:3:      layout_rooms, nicolae_overflow_hidden_temple, uniq_sigmund
D:4:      lemuel_castle_with_subvaults [lemuel_castle_interior_carwin_1],
          layout_cave_pools, tgw_xom, uniq_eustachio, uniq_crazy_yiuf_cottage
D:5:      layout_layer_cave, minmay_temple_entry_junction, minmay_manual_mail
D:6:      layout_basic, lemuel_crystal_altar, okawaru_ov_weapons_minmay,
          uniq_grinder, uniq_blork_the_orc
D:7:      layout_loops_ring, elyvilon_altar_3, kennysheep_pointless_box,
          trog_three_pillars_becter
D:8:      layout_basic, grunt_temple_overflow_opulence,
          gammafunk_temple_overflow_arena, lair_entry_dummy, uniq_maggie
D:9:      layout_rooms, general_overflow_altar,
          nicolae_overflow_quartered_altars, serial_shops,
          nicolae_shop_behind_doors, gammafunk_ghost_smash, uniq_erica
D:10:     layout_layer_cave, kennysheep_orc_monster_closet_entryway,
          serial_shops, kennysheep_mini_moat, basic_altar
D:11:     layout_roguey, uniq_maurice
D:12:     layout_roguey, enter_trove_0, serial_shops,
          nicolae_shop_temple_entry_statues_fountains, shop, shop,
          guppyfry_shop_blood
D:13:     layout_cross
D:14:     layout_small_grid, grunt_vaults_entry_tiered, gauntlet_entry_generic
D:15:     gammafunk_enter_depths_forms, layout_stronghold, nicolae_blasting_shop
Temple:   pf_slime_end_temple
Lair:1:   layout_regular_city, lemuel_oklob_altar, grunt_megastairs_3,
          uniq_gastronok
Lair:2:   layout_cave_shapes, chequers_serial_rivers_micro_e,
          beast_lair_carwin_1, serial_bayou_shore_b, serial_bayou_shore_a,
          uniq_sonja, uniq_prince_ribbit2
Lair:3:   layout_misc_corridors, elwin_shoals_entry_stream,
          guppyfry_snake_entry_island
Lair:4:   layout_roguey, kilobyte_rumbling_trees
Lair:5:   layout_cave_pods, minmay_slime_entry_pillars, st_stairs_6,
          amcnicky_mini_pool_medium, minmay_lair_oklob_chamber,
          infiniplex_staircase_pool_2
Lair:6:   gammafunk_lair_ancient_temple, layout_gridlike, serial_forest,
          infiniplex_forest_clump_double, infiniplex_forest_lined_corner,
          infiniplex_forest_end_2, infiniplex_forest_zigzag_1,
          infiniplex_forest_clump_tiny, infiniplex_forest_clump_diagonal,
          infiniplex_forest_end_2, infiniplex_forest_lined_room_3,
          infiniplex_forest_straight_3, serial_bayou_pond_e, st_stairs_13,
          uniq_snorg, uniq_kirke
Shoals:1: gammafunk_sealed_arena, layout_shoals, serial_shops,
          nicolae_shop_trees, shop, shop, shop, shop, ldierk_geyser
Shoals:2: layout_shoals, serial_shops, shop, nicolae_shoals_kraken_intersection,
          uniq_ilsuiw
Shoals:3: layout_shoals
Shoals:4: shoals_end_grunt_ice, layout_shoals, serial_shops, nicolae_shop_trees,
          abandoned_shop
Snake:1:  layout_onion_interference, serial_bayou_pond_d, st_stairs_6,
          grunt_ministairs_7, serial_bayou_pond_b
Snake:2:  nicolae_sea_snake_s, layout_layer_cave
Snake:3:  layout_cave_shapes, basic_altar, gammafunk_ghost_necromancy,
          nrook_loot_triangle
Snake:4:  minmay_snake_end_coiled, layout_cave_town, serial_shops,
          shop_fountains
Slime:1:  layout_caves
Slime:2:  layout_caves
Slime:3:  layout_caves
Slime:4:  layout_caves
Slime:5
Orc:1:    layout_diamond_mine, serial_shops,
          nicolae_shop_temple_entry_statues_fountains, nicolae_orc_lava_room,
          uniq_jorgrun
Orc:2:    grunt_orc_community_town_hall, layout_diamond_mine,
          grunt_orc_community_big_house_2, grunt_orc_community_big_house_1,
          grunt_orc_community_house_1, grunt_orc_community_house_2,
          grunt_orc_community_house_1, grunt_orc_community_house_1,
          grunt_orc_community_house_2, grunt_orc_community_house_3,
          minmay_orc_temple_a
Elf:1:    elf_arrival_001, layout_geoelf_diagonals, orc_legates, uniq_aizul,
          uniq_roxanne, uniq_azrael
Elf:2:    layout_geoelf_octagon, serial_sigils_hangedman_writhe
Elf:3:    grunt_elf_hall_branching, layout_geoelf_castle, serial_shops, shop,
          small_statue_intersection
Vaults:1: nicolae_vaults_network_quinsquares
          [nicolae_vaults_network_quincunx_subvault,
          nicolae_vaults_network_quincunx_subvault,
          nicolae_vaults_network_quincunx_subvault,
          nicolae_vaults_network_quincunx_subvault], v_rooms_4,
          nicolae_vaults_windows_and_doors_thing, v_misc_5,
          ontoclasm_vaults_eye, v_alt_pattern_3, vaults_mumra_hexcomb,
          ontoclasm_vaults_idyll, nicolae_vaults_c_with_doors,
          ontoclasm_vaults_gateway, layout_vaults_omnigrid, serial_shops,
          nicolae_shop_statue_plus, uniq_donald
Vaults:2: nicolae_vaults_what_the_h, ontoclasm_vaults_chip,
          dpeg_vaults_monster_box, vaults_room_hallway, grunt_vaults_swirl,
          grunt_vaults_hallway_long, v_misc_16, nicolae_vaults_asterisk,
          v_misc_19, nicolae_vaults_stairing_the_circle,
          layout_vaults_maze_snakey, serial_shops, nicolae_shop_stone,
          shop_statue
Vaults:3: advil_vaults_ghost_guards, nicolae_vaults_twisting_passages,
          grunt_vaults_trifunnel, minmay_crypt_entry_simple_walls,
          vaults_room_pool, hangedman_vaults_cutoff, v_misc_24,
          nicolae_vaults_border_crossing, layout_vaults_chaotic_city,
          serial_shops, nicolae_shop_waterfront
Vaults:4: nicolae_vaults_big_ls, v_alt_pattern_2, ontoclasm_vaults_shuriken,
          v_pattern_2, hangedman_vaults_pinch, nicolae_vaults_alarming,
          sword_in_stone, v_misc_11, v_misc_14, nicolae_vaults_little_squares_4,
          grunt_vaults_hallway_short, vaults_room_hallway, vaults_room_pools,
          layout_vaults_omnibox, serial_hangedman_research,
          hangedman_research_geology, hangedman_research_thanatology,
          uniq_frederick, uniq_sojobo, uniq_boris

Skill      XL: |  1  2  3  4  5  6  7  8  9 10 11 12 13 14 15 16 17 18 19 20 21 22 23 24 |
---------------+-------------------------------------------------------------------------+-----
Conjurations   | 5 6 7 8 9 10 11 12 13 14 15 16 18 19 | 19.0
Spellcasting   | 4 5 6 8 10 11 12 13 14 15 16 17 18 20 22 23 | 23.5
Hexes          | 1 2 3 4 5 6 7 8 9 |  9.0
Translocations | 1 2 3 4 5 6 7 8 9 10 11 | 11.0
Stealth        | 4 6 7 8 |  8.0
Fighting       | 2 3 4 5 6 8 9 10 11 12 | 12.6
Dodging        | 4 5 8 9 11 12 13 14 | 14.9
Invocations    | 3 5 7 9 10 11 12 | 12.0
Evocations     | 1 3 5 6 |  6.4
Shields        | 1 2 4 5 |  5.0
Ice Magic      | 2 6 7 8 9 10 | 10.0
Air Magic      | 1 4 5 6 7 |  7.0
Earth Magic    | 5 6 7 8 10 12 13 | 13.0
Fire Magic     | 4 6 8 9 10 12 13 | 13.0
Armour         | 3 4 5 |  5.1

Action                   |  1- 3 |  4- 6 |  7- 9 | 10-12 | 13-15 | 16-18 | 19-21 | 22-24 || total
-------------------------+-------+-------+-------+-------+-------+-------+-------+-------++-------
Melee: Short sword       |     6 |     8 |     6 |       |       |       |       |       ||    20
       Dagger            |       |       |     9 |     7 |       |       |       |       ||    16
       Staff             |       |       |       |     8 |    86 |    45 |    67 |    72 ||   278
       War axe           |       |       |       |       |    12 |       |       |       ||    12
 Cast: Magic Dart        |    56 |    55 |    69 |     5 |     2 |     1 |       |   170 ||   358
       Searing Ray       |     5 |    21 |    97 |   130 |   223 |       |       |       ||   476
       Fulminant Prism   |       |       |    19 |    75 |   231 |   121 |    12 |     6 ||   464
       Iskenderun's Myst |       |       |     5 |    89 |   246 |   183 |    68 |   177 ||   768
       Lightning Bolt    |       |       |       |       |     3 |       |       |       ||     3
       Bolt of Magma     |       |       |       |       |    30 |    90 |    42 |    28 ||   190
       Iron Shot         |       |       |       |       |    22 |    40 |    57 |    72 ||   191
       Invisibility      |       |       |       |       |    16 |     7 |     9 |    41 ||    73
       Freezing Cloud    |       |       |       |       |     2 |    58 |    16 |       ||    76
       Hailstorm         |       |       |       |       |       |    73 |    54 |    25 ||   152
       Starburst         |       |       |       |       |       |       |    27 |   140 ||   167
       Iskenderun's Batt |       |       |       |       |       |       |       |    53 ||    53
       Orb of Destructio |       |       |       |       |       |       |       |   257 ||   257
       Fireball          |       |       |       |       |       |       |       |    28 ||    28
       Ozocubu's Armour  |       |       |       |       |       |       |       |     6 ||     6
       Lehudib's Crystal |       |       |       |       |       |       |       |     4 ||     4
       Blink             |       |       |       |       |       |       |       |     1 ||     1
Invok: Channel Magic     |       |       |     1 |     7 |    26 |    21 |     8 |    25 ||    88
  Use: Potion            |       |     1 |       |       |     1 |     2 |     2 |     7 ||    13
       Scroll            |       |       |    12 |    19 |    11 |     5 |     7 |     5 ||    59
 Stab: Invisible         |       |       |       |       |    14 |       |       |     2 ||    16
       Sleeping          |       |       |       |       |     6 |     1 |     1 |     1 ||     9
       Distracted        |       |       |       |       |     1 |     1 |     1 |     1 ||     4
Armor: Robe              |     1 |     1 |    11 |     6 |    67 |       |       |       ||    86
       Swamp dragon scal |       |       |       |    45 |     7 |    57 |    25 |   143 ||   277
       Acid dragon scale |       |       |       |       |       |    31 |     9 |       ||    40
Dodge: Dodged            |     7 |    10 |    33 |   123 |   346 |   219 |    94 |   296 ||  1128
       Repelled          |       |       |       |     2 |     6 |    48 |     6 |    39 ||   101
Block: Buckler           |       |       |       |     4 |   103 |    94 |    51 |   137 ||   389

Table legend: (Time is in decaauts)
 A = Elapsed time spent in this place.
 B = Non-inter-level travel time spent in this place.
 C = Inter-level travel time spent in this place.
 D = Time resting spent in this place.
 E = Time spent auto-exploring this place.
 F = Levels seen in this place.
 G = Mean time per level.
                   A        B        C        D        E       F      G
               +--------+--------+--------+--------+--------+-----+--------+
         Total |  78411 |  74461 |   3950 |  36769 |  22941 |  45 | 1742.5 |
       Dungeon |  21963 |  20483 |   1480 |   8950 |   7298 |  15 | 1464.2 |
        Temple |    116 |    104 |     12 |      0 |     96 |   1 |  116.0 |
          Lair |  14772 |  13827 |    945 |   7654 |   3691 |   6 | 2462.0 |
        Shoals |   6764 |   6451 |    313 |   3271 |   2018 |   4 | 1691.0 |
     Snake Pit |   8942 |   8632 |    310 |   4744 |   2348 |   4 | 2235.5 |
    Slime Pits |   4368 |   4218 |    150 |   2029 |   1398 |   5 |  873.6 |
  Orcish Mines |   2965 |   2773 |    192 |   1040 |    984 |   2 | 1482.5 |
   Elven Halls |   6237 |   6017 |    220 |   2698 |   1884 |   3 | 2079.0 |
        Vaults |  11207 |  10881 |    326 |   5809 |   3056 |   4 | 2801.8 |
      Gauntlet |   1071 |   1071 |      0 |    572 |    166 |   1 | 1071.0 |
               +--------+--------+--------+--------+--------+-----+--------+

Top non-repeatable levels by time:
  Lair:5: 4796 daAuts
Vaults:4: 3548 daAuts
Vaults:3: 3193 daAuts
Vaults:1: 2945 daAuts
  Lair:3: 2840 daAuts
 Snake:3: 2805 daAuts
   Elf:3: 2632 daAuts
   Orc:2: 2456 daAuts
     D:8: 2416 daAuts
  Lair:1: 2375 daAuts
    D:15: 2284 daAuts
     D:4: 2202 daAuts
 Snake:4: 2198 daAuts
  Lair:6: 2160 daAuts
   Elf:1: 2093 daAuts
